| TOP OF THE 1ST |
|
Evansville Triplets batting - Pitching for Iowa Oaks : RHP Dwight Gooden
|
|
Pitching: RHP Dwight Gooden
|
|
|
Batting: LHB Greg Gross
|
0-0: Swinging Strike 0-1: Ground out 5-3 (Groundball, 5, EV 93.8 MPH)
|
|
Batting: RHB Cory Mihalic
|
0-0: Foul Ball, location: 2F 0-1: Foul Ball, location: 2F 0-2: Strikes out swinging
|
|
Batting: RHB Richard Bass
|
0-0: Ball 1-0: Ground out 6-3 (Groundball, 6, EV 92.5 MPH)
|
| Top of the 1st over - 0 runs, 0 hits, 0 errors, 0 left on base; Evansville 0 - Iowa 0 |
| BOTTOM OF THE 1ST |
|
Iowa Oaks batting - Pitching for Evansville Triplets : RHP Tom Henke
|
|
Pitching: RHP Tom Henke
|
|
|
Batting: LHB Gary Jones
|
0-0: Called Strike 0-1: Ball 1-1: Ball 2-1: Ball 3-1: Called Strike 3-2: Strikes out swinging
|
|
Batting: RHB Edgar Flores
|
0-0: Swinging Strike 0-1: Swinging Strike 0-2: Fly out, F8 (Flyball, 8LXD, EV 108.1 MPH)
|
|
Batting: LHB Ronald Little
|
0-0: Ball 1-0: Foul Ball, location: 2F 1-1: Hit by Pitch
|
|
Batting: SHB Mike Turgeon
|
0-0: Foul Ball, location: 2F 0-1: Ball 1-1: Swinging Strike 1-2: Ball 2-2: DOUBLE (Flyball, 8LXD, EV 110.0 MPH) Ronald Little to third Runner from 3rd tries for Home, SAFE, throw by CF to home
|
|
Batting: RHB Mark Benson
|
0-0: Ball 1-0: Foul Ball, location: 2F 1-1: Foul Ball, location: 2F 1-2: Foul Ball, location: 2F 1-2: Ball 2-2: Foul Ball, location: 2F 2-2: Ball 3-2: Foul Ball, location: 2F 3-2: Ground out 6-3 (Groundball, 6, EV 101.3 MPH)
|
| Bottom of the 1st over - 1 run, 1 hit, 0 errors, 1 left on base; Evansville 0 - Iowa 1 |
| TOP OF THE 2ND |
|
Evansville Triplets batting - Pitching for Iowa Oaks : RHP Dwight Gooden
|
|
Batting: RHB Ron Kittle
|
0-0: Ball 1-0: Ball 2-0: Called Strike 2-1: Ball 3-1: Called Strike 3-2: Fly out, F7 (Flyball, 7D, EV 98.1 MPH)
|
|
Batting: SHB Mickey Tettleton
|
0-0: Called Strike 0-1: Ball 1-1: Ball 2-1: Ball 3-1: Foul Ball, location: 2F 3-2: Base on Balls
|
|
Batting: RHB Mike Allen
|
0-0: Foul Ball, location: 2F 0-1: Called Strike 0-2: Reached on error, E4 (Groundball, 34, EV 98.1 MPH) Mickey Tettleton to second
|
|
Batting: LHB Luis Alfaro
|
0-0: Ball 1-0: Called Strike 1-1: Foul Ball, location: 2F 1-2: Strikes out swinging
|
|
Batting: RHB Jaden Smith
|
0-0: Foul Ball, location: 2F 0-1: Foul Ball, location: 2F 0-2: Foul Ball, location: 2F 0-2: Strikes out swinging
|
| Top of the 2nd over - 0 runs, 0 hits, 1 error, 2 left on base; Evansville 0 - Iowa 1 |
| BOTTOM OF THE 2ND |
|
Iowa Oaks batting - Pitching for Evansville Triplets : RHP Tom Henke
|
|
Batting: SHB Rod Craig
|
0-0: TRIPLE (Flyball, 89XD, EV 95.6 MPH)
|
|
Batting: RHB Jordan Arredondo
|
0-0: Ball 1-0: Ball 2-0: Fly out, F8 (Flyball, 8RD, EV 106.9 MPH) Runner from 3rd tags up, SCORES, throw by CF
|
|
Batting: LHB Wayne Krenchicki
|
0-0: Ball 1-0: Ball 2-0: Called Strike 2-1: SINGLE (Line Drive, 3L, EV 96.9 MPH)
|
|
Batting: RHB Thomas Vessey
|
0-0: Ball 1-0: Called Strike 1-1: Grounds into double play, 4-6-3 (Groundball, 34, EV 84.4 MPH)
|
| Bottom of the 2nd over - 1 run, 2 hits, 0 errors, 0 left on base; Evansville 0 - Iowa 2 |
| TOP OF THE 3RD |
|
Evansville Triplets batting - Pitching for Iowa Oaks : RHP Dwight Gooden
|
|
Batting: RHB Ed Jurak
|
0-0: Ball 1-0: Ball 2-0: Foul Ball, location: 2F 2-1: SINGLE (Groundball, 56D, EV 96.9 MPH)
|
|
Batting: LHB Greg Gross
|
0-0: Ball 1-0: Ball 2-0: Foul Ball, location: 2F 2-1: Ball 3-1: DOUBLE (Line Drive, 7LS, EV 106.3 MPH) Ed Jurak to third Runner from 3rd tries for Home, SAFE, no throw by LF
|
|
Batting: RHB Cory Mihalic
|
0-0: Ball 1-0: 2-RUN HOME RUN (Flyball, 78XD, EV 106.9 MPH), Distance : 444 ft
|
|
Batting: RHB Richard Bass
|
0-0: Swinging Strike 0-1: Ball 1-1: Ball 2-1: Foul Ball, location: 2F 2-2: Strikes out swinging
|
|
Batting: RHB Ron Kittle
|
0-0: Called Strike 0-1: Ball 1-1: Ball 2-1: Ball 3-1: Called Strike 3-2: Fly out, F8 (Flyball, 8LD, EV 87.5 MPH)
|
|
Batting: SHB Mickey Tettleton
|
0-0: Called Strike 0-1: Ball 1-1: Ball 2-1: Foul Ball, location: 2F 2-2: Strikes out swinging
|
| Top of the 3rd over - 3 runs, 3 hits, 0 errors, 0 left on base; Evansville 3 - Iowa 2 |
| BOTTOM OF THE 3RD |
|
Iowa Oaks batting - Pitching for Evansville Triplets : RHP Tom Henke
|
|
Batting: LHB Gary Jones
|
0-0: Called Strike 0-1: Ball 1-1: Foul Ball, location: 2F 1-2: Ball 2-2: Ball 3-2: Fly out, F9 (Flyball, 9D, EV 89.4 MPH)
|
|
Batting: RHB Edgar Flores
|
0-0: Swinging Strike 0-1: Foul Ball, location: 2F 0-2: Ground out 5-3 (Groundball, 56, EV 76.9 MPH)
|
|
Batting: LHB Ronald Little
|
0-0: Called Strike 0-1: Ball 1-1: Fly out, F7 (Flyball, 7D, EV 99.4 MPH)
|
| Bottom of the 3rd over - 0 runs, 0 hits, 0 errors, 0 left on base; Evansville 3 - Iowa 2 |
| TOP OF THE 4TH |
|
Evansville Triplets batting - Pitching for Iowa Oaks : RHP Dwight Gooden
|
|
Batting: RHB Mike Allen
|
0-0: Hit by Pitch
|
|
Batting: LHB Luis Alfaro
|
0-0: Called Strike 0-1: Ball 1-1: Ball 2-1: Foul Ball, location: 2F 2-2: Fielders Choice at 2nd, 4-6 (Groundball, 4, EV 83.8 MPH)
|
|
Batting: RHB Jaden Smith
|
0-0: Ball 1-0: Called Strike 1-1: Called Strike 1-2: Ball 2-2: Foul Ball, location: 2F 2-2: Foul Ball, location: 2F 2-2: DOUBLE (Line Drive, 9LS, EV 99.4 MPH) Luis Alfaro to third Runner from 3rd tries for Home, SAFE, throw by RF to home
|
|
Batting: RHB Ed Jurak
|
0-0: Called Strike 0-1: Ball 1-1: Foul Ball, location: 2F 1-2: Fly out, F9 (Flyball, 9D, EV 97.5 MPH)
|
|
Batting: LHB Greg Gross
|
0-0: Ball 1-0: SINGLE (Groundball, 6S, EV 69.4 MPH) (infield hit) Jaden Smith to third
|
|
Batting: RHB Cory Mihalic
|
0-0: Ball Greg Gross steals 2nd base 1-0: Called Strike 1-1: Called Strike 1-2: Ball 2-2: Fly out, F9 (Line Drive, 9, EV 101.9 MPH)
|
| Top of the 4th over - 1 run, 2 hits, 0 errors, 2 left on base; Evansville 4 - Iowa 2 |
| BOTTOM OF THE 4TH |
|
Iowa Oaks batting - Pitching for Evansville Triplets : RHP Tom Henke
|
|
Batting: SHB Mike Turgeon
|
0-0: Called Strike 0-1: Swinging Strike 0-2: Ball 1-2: Ball 2-2: Foul Ball, location: 2F 2-2: Foul Ball, location: 2F 2-2: Ground out 5-3 (Groundball, 56S, EV 68.1 MPH)
|
|
Batting: RHB Mark Benson
|
0-0: Ball 1-0: Ball 2-0: Reached on error, E4 (Groundball, 4M, EV 83.8 MPH)
|
|
Batting: SHB Rod Craig
|
0-0: Ball 1-0: Swinging Strike 1-1: Fielders Choice at 2nd, 5-4 (Groundball, 5L, EV 88.1 MPH)
|
|
Batting: RHB Jordan Arredondo
|
0-0: Ball 1-0: Called Strike 1-1: Ground out 5-3 (Groundball, 56S, EV 75.6 MPH)
|
| Bottom of the 4th over - 0 runs, 0 hits, 1 error, 1 left on base; Evansville 4 - Iowa 2 |
| TOP OF THE 5TH |
|
Evansville Triplets batting - Pitching for Iowa Oaks : RHP Dwight Gooden
|
|
Batting: RHB Richard Bass
|
0-0: Called Strike 0-1: Foul Ball, location: 2F 0-2: Ball 1-2: Ball 2-2: Foul Ball, location: 2F 2-2: Ball 3-2: SINGLE (Groundball, 6MD, EV 96.3 MPH)
|
|
Batting: RHB Ron Kittle
|
0-0: Called Strike 0-1: Foul Ball, location: 2F 0-2: Ball 1-2: Strikes out swinging
|
|
Batting: SHB Mickey Tettleton
|
0-0: Called Strike Richard Bass is caught stealing 2nd base 2-6 0-1: Ball 1-1: Ball 2-1: Ball 3-1: Foul Ball, location: 2F 3-2: Fly out, F2 (Popup, 2LF, EV 85.6 MPH)
|
| Top of the 5th over - 0 runs, 1 hit, 0 errors, 0 left on base; Evansville 4 - Iowa 2 |
| BOTTOM OF THE 5TH |
|
Iowa Oaks batting - Pitching for Evansville Triplets : RHP Tom Henke
|
|
Batting: LHB Wayne Krenchicki
|
0-0: Foul Ball, location: 2F 0-1: Ball 1-1: Ball 2-1: Foul Ball, location: 2F 2-2: Fly out, F8 (Flyball, 89D, EV 95.6 MPH)
|
|
Batting: RHB Thomas Vessey
|
0-0: Ball 1-0: Foul Ball, location: 2F 1-1: Called Strike 1-2: Strikes out looking
|
|
Batting: LHB Gary Jones
|
0-0: Foul Ball, location: 2F 0-1: Ball 1-1: Ball 2-1: Swinging Strike 2-2: Fly out, F7 (Flyball, 7, EV 90.0 MPH)
|
| Bottom of the 5th over - 0 runs, 0 hits, 0 errors, 0 left on base; Evansville 4 - Iowa 2 |
| TOP OF THE 6TH |
|
Evansville Triplets batting - Pitching for Iowa Oaks : RHP Dwight Gooden
|
|
Batting: RHB Mike Allen
|
0-0: Ball 1-0: Called Strike 1-1: Ball 2-1: SINGLE (Groundball, 4D, EV 102.5 MPH)
|
|
Batting: LHB Luis Alfaro
|
0-0: Ball 1-0: Bunted foul 1-1: Ball Mike Allen steals 2nd base (no throw) 2-1: Bunt missed! 2-2: Foul Ball, location: 2F 2-2: Fly out, F9 (Line Drive, 89M, EV 86.9 MPH)
|
|
Batting: RHB Jaden Smith
|
0-0: Foul Ball, location: 2F 0-1: Swinging Strike 0-2: Ball 1-2: Foul Ball, location: 2F 1-2: Ball 2-2: Foul Ball, location: 2F 2-2: Strikes out swinging
|
|
Batting: RHB Ed Jurak
|
0-0: Ground out 1-3 (Groundball, 15S, EV 63.8 MPH)
|
| Top of the 6th over - 0 runs, 1 hit, 0 errors, 1 left on base; Evansville 4 - Iowa 2 |
| BOTTOM OF THE 6TH |
|
Iowa Oaks batting - Pitching for Evansville Triplets : RHP Tom Henke
|
|
Batting: RHB Edgar Flores
|
0-0: Called Strike 0-1: Foul Ball, location: 2F 0-2: Ball 1-2: Ball 2-2: Foul Ball, location: 2F 2-2: SINGLE (Flyball, 9LS, EV 83.8 MPH)
|
|
Batting: LHB Ronald Little
|
0-0: Ball 1-0: SINGLE (Line Drive, 89S, EV 111.3 MPH) Edgar Flores to second
|
|
Batting: SHB Mike Turgeon
|
0-0: Foul Ball, location: 2F 0-1: Swinging Strike 0-2: Strikes out looking
|
|
Batting: RHB Mark Benson
|
0-0: Swinging Strike 0-1: Foul Ball, location: 2F 0-2: Fielders Choice at 2nd, 5-4 (Groundball, 5, EV 86.3 MPH) Edgar Flores to third
|
|
Batting: SHB Rod Craig
|
0-0: Foul Ball, location: 2F 0-1: Ball 1-1: Called Strike 1-2: Fly out, F8 (Flyball, 78D, EV 95.6 MPH)
|
| Bottom of the 6th over - 0 runs, 2 hits, 0 errors, 2 left on base; Evansville 4 - Iowa 2 |
| TOP OF THE 7TH |
|
Evansville Triplets batting - Pitching for Iowa Oaks : RHP Dwight Gooden
|
|
Batting: LHB Greg Gross
|
0-0: Ball 1-0: Ball 2-0: Called Strike 2-1: Ball 3-1: Base on Balls
|
|
Batting: RHB Cory Mihalic
|
0-0: Ball 1-0: Bunt missed! 1-1: Sac Bunt to 5S - play at first, batter OUT! 5-4 Greg Gross to second
|
|
Batting: RHB Richard Bass
|
0-0: Swinging Strike 0-1: Ball 1-1: Ball 2-1: Foul Ball, location: 2F 2-2: Foul Ball, location: 2F 2-2: Strikes out looking
|
|
Batting: RHB Ron Kittle
|
0-0: Fly out, F9 (Flyball, 89M, EV 86.3 MPH)
|
| Top of the 7th over - 0 runs, 0 hits, 0 errors, 1 left on base; Evansville 4 - Iowa 2 |
| BOTTOM OF THE 7TH |
|
Iowa Oaks batting - Pitching for Evansville Triplets : RHP Tom Henke
|
|
Batting: RHB Jordan Arredondo
|
0-0: Ball 1-0: Swinging Strike 1-1: Ball 2-1: Fly out, F8 (Flyball, 8RD, EV 81.9 MPH)
|
|
Pitching: LHP Juan Valdez
|
|
|
Batting: LHB Wayne Krenchicki
|
0-0: Ball 1-0: Fly out, F8 (Flyball, 8LM, EV 84.4 MPH)
|
|
Batting: RHB Thomas Vessey
|
0-0: Swinging Strike 0-1: SINGLE (Groundball, 6D, EV 103.1 MPH)
|
|
Batting: LHB Gary Jones
|
0-0: Ball 1-0: Ball 2-0: Foul Ball, location: 2F 2-1: Foul Ball, location: 2F 2-2: Ball 3-2: Strikes out swinging
|
| Bottom of the 7th over - 0 runs, 1 hit, 0 errors, 1 left on base; Evansville 4 - Iowa 2 |
| TOP OF THE 8TH |
|
Evansville Triplets batting - Pitching for Iowa Oaks : RHP Dwight Gooden
|
|
Batting: SHB Mickey Tettleton
|
0-0: Foul Ball, location: 2F 0-1: Called Strike 0-2: Ball 1-2: Strikes out swinging
|
|
Batting: RHB Mike Allen
|
0-0: SINGLE (Line Drive, 4M, EV 96.9 MPH)
|
|
Batting: LHB Luis Alfaro
|
0-0: Called Strike 0-1: Ball Mike Allen is caught stealing 2nd base 2-6 1-1: Ball 2-1: Called Strike 2-2: Foul Ball, location: 2F 2-2: Reached on error, E4 (Groundball, 4, EV 105.0 MPH)
|
|
Batting: RHB Jaden Smith
|
0-0: Foul Ball, location: 2F 0-1: Ball 1-1: Swinging Strike 1-2: Ball 2-2: Fly out, F8 (Flyball, 8RD, EV 92.5 MPH)
|
| Top of the 8th over - 0 runs, 1 hit, 1 error, 1 left on base; Evansville 4 - Iowa 2 |
| BOTTOM OF THE 8TH |
|
Iowa Oaks batting - Pitching for Evansville Triplets : LHP Juan Valdez
|
|
Pitching: RHP Gordie Pladson
|
|
|
Batting: RHB Edgar Flores
|
0-0: Ball 1-0: Fly out, F4 (Popup, 4, EV 57.5 MPH)
|
|
Batting: LHB Ronald Little
|
0-0: Ball 1-0: Called Strike 1-1: Foul Ball, location: 2F 1-2: Ball 2-2: Foul Ball, location: 2F 2-2: Strikes out swinging
|
|
Batting: SHB Mike Turgeon
|
0-0: Called Strike 0-1: Ball 1-1: Swinging Strike 1-2: Ball 2-2: Fly out, F8 (Line Drive, 8LD, EV 93.8 MPH)
|
| Bottom of the 8th over - 0 runs, 0 hits, 0 errors, 0 left on base; Evansville 4 - Iowa 2 |
| TOP OF THE 9TH |
|
Evansville Triplets batting - Pitching for Iowa Oaks : RHP Dwight Gooden
|
|
Pitching: RHP DeWayne Buice
|
|
|
Batting: RHB Ed Jurak
|
0-0: Called Strike 0-1: Foul Ball, location: 2F 0-2: Ball 1-2: Strikes out swinging
|
|
Batting: LHB Greg Gross
|
0-0: Ground out 6-3 (Groundball, 6, EV 86.9 MPH)
|
|
Batting: RHB Cory Mihalic
|
0-0: Ground out 5-3 (Groundball, 56, EV 81.9 MPH)
|
| Top of the 9th over - 0 runs, 0 hits, 0 errors, 0 left on base; Evansville 4 - Iowa 2 |
| BOTTOM OF THE 9TH |
|
Iowa Oaks batting - Pitching for Evansville Triplets : RHP Gordie Pladson
|
|
Batting: RHB Mark Benson
|
0-0: Ball 1-0: Ball 2-0: Ball 3-0: Called Strike 3-1: Ground out 6-3 (Groundball, 56, EV 98.1 MPH)
|
|
Batting: SHB Rod Craig
|
0-0: Ball 1-0: Called Strike 1-1: Foul Ball, location: 2F 1-2: Foul Ball, location: 2F 1-2: Ground out 4-3 (Groundball, 4, EV 108.1 MPH)
|
|
Batting: RHB Jordan Arredondo
|
0-0: Ball 1-0: SINGLE (Line Drive, 89M, EV 86.3 MPH)
|
|
Pitching: RHP Geoff Combe
|
|
|
Pinch Hitting: LHB Donald Johnson
|
0-0: Called Strike Pickoff Throw by Catcher to First - Out!
|
| Bottom of the 9th over - 0 runs, 1 hit, 0 errors, 0 left on base; Evansville 4 - Iowa 2 |
|